 Dungeon Crawl Stone Soup version 0.25-a0-424-g80bd347ae0 (console) character file.

Game seed: 17986211989505962683, levelgen mode: deterministic

26 Asser the Magician (level 2, 0/16 HPs)
             Began as a Deep Elf Wizard on Jan 23, 2020.
             Succumbed to a hobgoblin's poison
             ... on level 2 of the Dungeon.
             The game lasted 00:08:20 (1575 turns).

Asser the Magician (Deep Elf Wizard)                Turns: 1575, Time: 00:08:21

Health: 0/16       AC:  6    Str:  4    XL:     2   Next: 89%
Magic:  7/10       EV:  9    Int: 22    God:
Gold:   72         SH:  0    Dex: 13    Spells: 10/11 levels left

rFire    . . .     SeeInvis .   b - +1 dagger (venom)
rCold    . . .     Gourm    .   (no shield)
rNeg     . . .     Faith    .   e - +0 ring mail
rPois    .         Spirit   .   j - +0 helmet
rElec    .         Reflect  .   (no cloak)
rCorr    .         Harm     .   (no gloves)
MR       .....                  (no boots)
Stlth    ++........             (no amulet)
HPRegen  0.05/turn              (no ring)
MPRegen  0.12/turn              (no ring)

@: lethally poisoned (0 -> -15), very slightly contaminated
A: no striking features
a: no special abilities


You were on level 2 of the Dungeon.
You were not hungry.

You visited 1 branch of the dungeon, and saw 2 of its levels.

You collected 72 gold pieces.

Inventory:

Hand Weapons
 b - a +1 dagger of venom (weapon)
Missiles
 g - 23 stones (quivered)
Armour
 e - a +0 ring mail (worn)
 j - a +0 helmet (worn)
Scrolls
 c - a scroll of immolation {unknown}
 f - a scroll of identify {unknown}
 h - a scroll of noise {unknown}
 i - a scroll of remove curse {unknown}
 l - a scroll of random uselessness
 m - a scroll of blinking {unknown}
Potions
 a - a potion of invisibility {unknown}
 k - a potion of agility {unknown}
 n - a potion of heal wounds {unknown}
Comestibles
 d - a ration


   Skills:
 + Level 0.5 Fighting
 + Level 0.2 Armour
 + Level 2.8 Dodging
 + Level 2.8 Stealth
 + Level 5.0 Spellcasting
 + Level 1.3 Conjurations
   Level 1.1 Summonings
   Level 1.1 Translocations


You had 10 spell levels left.
You knew the following spells:

 Your Spells              Type           Power        Failure   Level  Hunger
a - Magic Dart            Conj           ##..         34%         1    None

Your spell library contained the following spells:

 Spells                   Type           Power        Failure   Level  Hunger
 Blink                    Tloc           N/A          50%         2    None
 Call Imp                 Summ           ##......     50%         2    None
 Slow                     Hex            #.......     65%         2    None
 Conjure Flame            Conj/Fire      #.......     80%         3    ##.....
 Mephitic Cloud           Conj/Pois/Air  #.......     83%         3    ##.....


Dungeon Overview and Level Annotations

Branches:
Dungeon (2/15)

Altars:


Message History

You feel sick.
You feel sick.
You feel sick.
You feel sick.
The hobgoblin throws a poisoned dart.
The poisoned dart barely misses you.
You see here a poisoned dart.
* * * LOW HITPOINT WARNING * * *
You feel sick.
* * * LOW HITPOINT WARNING * * *
You feel sick.
* * * LOW HITPOINT WARNING * * *
You feel sick.
* * * LOW HITPOINT WARNING * * *
You feel sick.
Casting: Magic Dart (safe; 34% risk of failure)
Confirm with . or Enter, or press ? or * to list all spells.
Aiming: Magic Dart (safe; 34% risk of failure)
Press: ? - help, Shift-Dir - straight line, f/p - hobgoblin
Aim: a hobgoblin, wielding a +0 club, wearing a +0 leather armour and quivering 13 poisoned darts (moderately wounded)
You miscast Magic Dart.
Nothing appears to happen.
You die...

#... ###. #. ... .## #. ..# ..##
## #.# ..... #.# #.##.## #g#
#.##...## #.# #.# #..### #####
#.##.###.#####...#######......
#...((..gw(..@...........####.
#.....(..#.#######......#####...
#..##.###.#.# #####........#. #
... ..... #.##.####.. ###
##..... #.##.# #... ####.#.
..##.###... .... ....#.......
....? ..##......... >##
######... .. ......... ######...


You could see a dart slug and a hobgoblin.

Vanquished Creatures
  A dart slug (D:1)
  A leopard gecko (D:1)
  A ball python (D:1)
  A giant cockroach (D:1)
  3 goblins (D:1)
  3 hobgoblins (D:1)
  2 quokkas (D:2)
  2 bats
  A frilled lizard (D:2)
  3 kobolds
  5 rats
23 creatures vanquished.

Notes
Turn   | Place    | Note
-------+----------+-------------------------------------------
     0 | D:1      | Asser the Deep Elf Wizard began the quest for the Orb.
     0 | D:1      | Reached XP level 1. HP: 10/10 MP: 7/7
   533 | D:1      | Reached XP level 2. HP: 12/16 MP: 2/9
  1371 | D:2      | Reached skill level 5 in Spellcasting
  1575 | D:2      | Succumbed to a hobgoblin's poison

Levels and vault maps discovered:
D:1:      kilobyte_arrival_exit_the_forest, layout_loops_ring,
          minmay_pentomino_s4
D:2:      layout_rooms, uniq_jessica, uniq_terence

Skill      XL: |  1  2 |
---------------+-------+-----
Spellcasting   | 5 |  5.0
Fighting       | |  0.5
Armour         | |  0.2
Dodging        | |  2.8
Stealth        | |  2.8
Conjurations   | |  1.3
Summonings     | |  1.1
Translocations | |  1.1

Action                   || total
-------------------------++-------
Melee: Unarmed           ||    10
       Spear             ||     8
       Dagger            ||     6
 Cast: Magic Dart        ||    52
  Use: Scroll            ||     2
  Eat: Ration            ||     1
Armor: Ring mail         ||    23
Dodge: Dodged            ||    33

Table legend:
 A = Non-vault XP
 B = Vault XP
 C = Vault XP percentage of total XP
 D = Non-vault monster count
 E = Vault monster count
 F = Vault count percentage of total count
                 A         B        C        D         E       F
            +---------+---------+-------+---------+---------+-------
      Total |      38 |       0 |   0.0 |      23 |       0 |   0.0
            +---------+---------+-------+---------+---------+-------
        D:1 |      27 |       0 |   0.0 |      14 |       0 |   0.0
        D:2 |      11 |       0 |   0.0 |       9 |       0 |   0.0
            +---------+---------+-------+---------+---------+-------
